 Dungeon Crawl Stone Soup version 0.26-a0-958-gf3041fb45f (webtiles) character file.

Game seed: 11782473015631151144

28961 PentaManta the Slinger (level 13, -8/90 HPs)
             Began as a Halfling Hunter on Nov 30, 2020.
             Was the Champion of Okawaru.
             Mangled by a boulder beetle (20 damage)
             ... on level 14 of the Dungeon.
             The game lasted 00:46:54 (20506 turns).

PentaManta the Slinger (Halfling Hunter)           Turns: 20506, Time: 00:46:54

Health: -8/90      AC: 21    Str: 17    XL:     13   Next: 77%
Magic:  13/13      EV: 16    Int: 15    God:    Okawaru [******]
Gold:   2136       SH:  0    Dex: 16    Spells: 12/12 levels left

rFire    . . .     SeeInvis .   q - +4 scimitar
rCold    + . .     Faith    .   (shield restricted)
rNeg     . . .     Spirit   .   T - +1 chain mail {rC+}
rPois    .         Reflect  .   Q - +1 helmet
rElec    .         Harm     .   E - +0 cloak
rCorr    .         Rampage  .   n - +2 pair of gloves
MR       .....                  R - +0 pair of boots {run}
Stlth    ..........             (no amulet)
HPRegen  0.25/turn              I - +6 ring of intelligence
MPRegen  0.13/turn              e - ring of flight

@: quick
A: small, mutation resistance 1
a: Heroism, Finesse, Renounce Religion, Evoke Flight


You were on level 14 of the Dungeon.
You worshipped Okawaru.
Okawaru was exalted by your worship.
You visited 1 branch of the dungeon, and saw 15 of its levels.
You also visited: Ossuary and Ice Cave.

You collected 2200 gold pieces.
You spent 64 gold pieces at shops.

Inventory:

Hand Weapons
 g - a +1 long sword of protection
 i - the +1 hunting sling "Giant's Doom" {venom, Str+3}
   (Okawaru gifted it to you in an ice cave)

   It poisons the ammo it fires.
   It affects your strength (+3).
 q - a +4 scimitar (weapon)
 r - a +0 fustibalus
 A - a +2 scimitar of holy wrath
 L - a +0 vorpal long sword
Missiles
 d - 124 sling bullets
 f - 290 stones (quivered)
 l - 44 poisoned darts
 m - 4 atropa-tipped darts
Armour
 n - a +2 pair of gloves (worn)
 o - a +0 plate armour
 s - the +0 pair of boots of Fun {Rampage +Inv SInv}
   (Okawaru gifted it to you on level 13 of the Dungeon)

   It lets you see invisible.
   It lets you turn invisible.
   It bestows one free step when moving towards enemies.
 y - a +0 scale mail
 C - +0 steam dragon scales
 E - a +0 cloak (worn)
 G - a +1 ring mail of magic resistance
 O - a +0 troll leather armour
 P - a +2 pair of boots
 Q - a +1 helmet (worn)
 R - a +0 pair of boots of running (worn)
 T - a +1 chain mail of cold resistance (worn)
Jewellery
 e - a ring of flight (right hand)
 I - a +6 ring of intelligence (left hand)
Wands
 a - a wand of iceblast (5)
 b - a wand of acid (16)
 J - a wand of polymorph (27)
 S - a wand of random effects (22)
Scrolls
 h - 4 scrolls of remove curse
 j - 2 scrolls of identify
 p - 3 scrolls of enchant armour
 t - 4 scrolls of blinking
 w - 2 scrolls of enchant weapon
 z - 4 scrolls of fog
 D - 2 scrolls of fear
 F - a scroll of magic mapping
 K - 2 scrolls of teleportation
Potions
 c - 2 potions of lignification
 k - 4 potions of haste
 u - 3 potions of might
 v - a potion of berserk rage
 x - a potion of invisibility
 B - 2 potions of mutation
 H - 5 potions of flight


   Skills:
 + Level 9.5 Fighting
 * Level 10.6 Long Blades
 - Level 14.0 Slings
 + Level 10.9 Armour
 + Level 11.4 Dodging
 - Level 1.1 Stealth


You had 12 spell levels left.
You didn't know any spells.
Your spell library contained the following spells:

 Spells                   Type           Power        Failure   Level
 Animate Skeleton         Necr           #.....       94%         1
 Apportation              Tloc           #.....       94%         1
 Corona                   Hex            #......      94%         1
 Foxfire                  Conj/Fire      #...         94%         1
 Freeze                   Ice            #...         94%         1
 Pain                     Necr           #...         94%         1
 Sting                    Tmut/Pois      #...         94%         1
 Ensorcelled Hibernation  Hex/Ice        #.....       98%         2
 Poisonous Vapours        Pois/Air       #.....       98%         2
 Confusing Touch          Hex            #.......     100%        3
 Conjure Flame            Conj/Fire      #.......     100%        3
 Dazzling Flash           Conj/Hex       #.....       100%        3
 Frozen Ramparts          Ice            #.....       100%        3
 Ignite Poison            Fire/Tmut/Pois #.......     100%        3
 Inner Flame              Hex/Fire       #.......     100%        3
 Lesser Beckoning         Tloc           #.........   100%        3
 Mephitic Cloud           Conj/Pois/Air  #.......     100%        3
 Ozocubu's Armour         Ice            #.......     100%        3
 Tukima's Dance           Hex            #.......     100%        3
 Vampiric Draining        Necr           #.........   100%        3
 Animate Dead             Necr           #.........   100%        4
 Hailstorm                Conj/Ice       #.......     100%        4
 Olgreb's Toxic Radiance  Pois           #.......     100%        4
 Sticky Flame             Conj/Fire      #.......     100%        4
 Summon Ice Beast         Ice/Summ       #.......     100%        4
 Agony                    Necr           #.......     100%        5
 Alistair's Intoxication  Tmut/Pois      #........    100%        5
 Fireball                 Conj/Fire      #.........   100%        5
 Freezing Cloud           Conj/Ice/Air   #.........   100%        6
 Invisibility             Hex            #.......     100%        6


Dungeon Overview and Level Annotations

Branches:
Dungeon (15/15)            Temple (0/1) D:5            Lair (0/6) D:10
    Orc (0/2) D:12        Ossuary (visited)           IceCv (visited)
 Vaults: D:13-14     Depths: D:15

Altars:
Cheibriados
Okawaru
Qazlal
Sif Muna

Shops:
D:4 *   D:8 [

Portals:
Trove: D:10 (give 12 potions of heal wounds)

Annotations:
D:5 exclusion: door


Innate Abilities, Weirdness & Mutations

You are small and have problems with some larger weapons.
You are somewhat resistant to further mutation.


Message History

The tengu conjurer hits you but does no damage.
The tengu conjurer misses you. The tengu conjurer barely misses you.
You slice the tengu conjurer!!
The tengu conjurer is almost dead.
The tengu conjurer closely misses you.
The tengu conjurer pecks you but does no damage.
The tengu conjurer barely misses you.
You slash the tengu conjurer!
You kill the tengu conjurer!
Okawaru accepts your kill.
The battlesphere dissipates.
You hit the boulder beetle but do no damage.
The boulder beetle hits you!!!
Ouch! That really hurt!
* * * LOW HITPOINT WARNING * * *
The boulder beetle stops rolling and uncurls.
You hear a shout!
You hit the boulder beetle but do no damage.
The boulder beetle bites you!!
You die...

# #># ..##.#######..
####)# #.##.........#
♣..))###)##..######..
.P...#....#..#####
♣≈♣..........#...###.##.
≈≈♣≈...P..##.#..○.°*....
≈≈≈≈♣........(.(Q#
≈♣≈≈≈....#######B#
.≈≈≈...#.# #@#
.........# #$#
#.###....# #.# #........
#.# ## #.. #.# ..# ###


You could see a boulder beetle and a tengu warrior.

Vanquished Creatures
  A frost giant (IceCv)
  A hydra (D:10)
  A boulder beetle (D:12)
  5 two-headed ogres
  A tengu warrior (D:15)
  An ugly thing (D:13)
  3 cyclopes
  A manticore (D:13)
  Joseph (D:8)
  An ice statue (IceCv)
  2 gargoyles
  A centaur skeleton (D:11)
  Maggie (D:6)
  2 kobold demonologists (D:11)
  A komodo dragon (shapeshifter) (D:9)
  A tengu conjurer (D:14)
  14 polar bears (IceCv)
  4 trolls
  Prince Ribbit (D:8)
  2 hornets
  3 wyverns
  A wraith (D:14)
  3 shadows
  A vampire (D:9)
  3 water elementals (D:12)
  A basilisk (D:15)
  26 yaks
  4 vampire mosquitoes (D:15)
  A soldier ant (D:8)
  4 ice beasts
  5 orc warriors
  3 sky beasts
  2 black bears
  2 necrophages
  5 ogres
  10 wolves (IceCv)
  5 centaurs
  An elf zombie (Ossuary)
  3 big kobolds
  7 bullfrogs
  4 scorpions
  6 killer bees
  8 howler monkeys
  17 wights
  5 electric eels (D:12)
  3 centaur zombies
  5 hounds
  3 jellies
  2 human zombies (Ossuary)
  4 orc priests
  Jessica (D:2)
  Terence (D:3)
  5 iguanas
  16 orc wizards
  14 worker ants
  3 big kobold zombies (Ossuary)
  2 mummies (Ossuary)
  A hound skeleton (D:4)
  A worker ant zombie (D:10)
  12 adders
  2 shadow imps
  6 white imps
  An ufetubus (D:7)
  4 oozes
  2 adder skeletons
  2 adder zombies
  A worm (D:2)
  4 dart slugs
  9 leopard geckos
  29 orcs
  6 bats
  3 giant cockroaches
  9 hobgoblins
  8 jackals
  27 kobolds
  2 quokkas
  A ball python (D:2)
  3 frilled lizards
  8 goblins
  3 goblin zombies (Ossuary)
  10 hobgoblin zombies (Ossuary)
  A jackal skeleton (D:5)
  2 jackal zombies
  9 kobold zombies (Ossuary)
  7 orc zombies (Ossuary)
  9 rats
416 creatures vanquished.

Vanquished Creatures (others)
  4 plants (D:14)
4 creatures vanquished.

Grand Total: 420 creatures vanquished

Notes
Turn   | Place    | Note
-------+----------+-------------------------------------------
     0 | D:1      | PentaManta the Halfling Hunter began the quest for the Orb.
     0 | D:1      | Reached XP level 1. HP: 14/14 MP: 1/1
    18 | D:1      | Reached skill level 6 in Slings
    52 | D:1      | Reached XP level 2. HP: 19/19 MP: 2/2
   210 | D:1      | Reached skill level 1 in Armour
   210 | D:1      | Reached XP level 3. HP: 19/24 MP: 3/3
   752 | D:2      | Reached XP level 4. HP: 29/29 MP: 4/4
  1072 | D:2      | Noticed Jessica
  1085 | D:2      | Killed Jessica
  1086 | D:2      | Reached skill level 7 in Slings
  1086 | D:2      | Reached XP level 5. HP: 35/35 MP: 5/5
  1255 | D:3      | Found an iron altar of Okawaru.
  1266 | D:3      | Became a worshipper of Warmaster Okawaru
  1271 | D:3      | Noticed Terence
  1329 | D:3      | Killed Terence
  2030 | D:4      | Found Atwasauwk's Assorted Antiques.
  2038 | D:4      | Bought 2 smoky purple potions for 41 gold pieces
  2038 | D:4      | Bought a scroll labelled SIYSINK WIXOPN for 23 gold pieces
  2090 | D:4      | Reached XP level 6. HP: 26/41 MP: 6/6
  2114 | D:4      | Found a sand-covered staircase.
  2124 | Ossuary  | Entered an ossuary
  2500 | Ossuary  | Reached skill level 8 in Slings
  2586 | Ossuary  | Reached * piety under Okawaru
  2587 | Ossuary  | Reached XP level 7. HP: 46/46 MP: 7/7
  3786 | D:5      | Entered Level 5 of the Dungeon
  3882 | D:5      | Reached skill level 9 in Slings
  4282 | D:5      | Found a shimmering blue altar of Sif Muna.
  4422 | D:5      | Reached XP level 8. HP: 54/54 MP: 8/8
  4422 | D:5      | Found a snail-covered altar of Cheibriados.
  4532 | D:5      | Reached ** piety under Okawaru
  4694 | D:5      | Reached skill level 10 in Slings
  4910 | D:5      | Found a staircase to the Ecumenical Temple.
  5063 | D:6      | Reached skill level 5 in Dodging
  5216 | D:6      | Noticed Maggie
  5236 | D:6      | Killed Maggie
  5318 | D:6      | Reached XP level 9. HP: 59/59 MP: 9/9
  5495 | D:6      | Reached skill level 11 in Slings
  5541 | D:6      | You fall into a shaft and drop 2 floors!
  5831 | D:8      | Noticed Prince Ribbit
  5845 | D:8      | Reached skill level 5 in Armour
  5850 | D:8      | Killed Prince Ribbit
  5856 | D:8      | Reached *** piety under Okawaru
  5899 | D:8      | Reached skill level 5 in Fighting
  6077 | D:8      | Noticed Joseph
  6101 | D:8      | Killed Joseph
  6102 | D:8      | Reached skill level 12 in Slings
  6246 | D:8      | Found Voitet's Antique Armour Shoppe.
  6521 | D:8      | Noticed a hornet
  6531 | D:8      | Killed a hornet
  6531 | D:8      | Received a gift from Okawaru
  7310 | D:9      | Reached XP level 10. HP: 68/68 MP: 10/10
  7587 | D:9      | Noticed a two-headed ogre
  7618 | D:9      | Killed a two-headed ogre
  7618 | D:9      | Reached **** piety under Okawaru
  7618 | D:9      | Received a gift from Okawaru
  8518 | D:7      | Reached skill level 1 in Long Blades
 10068 | D:9      | Noticed a komodo dragon
 10082 | D:9      | Killed a komodo dragon
 10082 | D:9      | Received a gift from Okawaru
 10083 | D:9      | Reached XP level 11. HP: 65/75 MP: 11/11
 10614 | D:10     | Entered Level 10 of the Dungeon
 10638 | D:10     | Noticed a five-headed hydra
 10651 | D:10     | Killed a five-headed hydra
 10652 | D:10     | Reached skill level 5 in Long Blades
 10847 | D:10     | Found a portal to a secret trove of treasure.
 10921 | D:10     | Reached ***** piety under Okawaru
 11188 | D:10     | Found a staircase to the Lair.
 12435 | D:11     | Received a gift from Okawaru
 12453 | D:11     | Identified a +0 pair of boots of running (Okawaru gifted it
                  | to you on level 11 of the Dungeon)
 12979 | D:9      | HP: 3/77 [something (2)]
 13031 | D:9      | Identified a scroll of acquirement
 13350 | D:11     | Noticed a two-headed ogre
 13371 | D:11     | Killed a two-headed ogre
 13372 | D:11     | Reached XP level 12. HP: 62/82 MP: 12/12
 13619 | D:11     | Noticed a two-headed ogre
 13662 | D:11     | Killed a two-headed ogre
 13663 | D:11     | Reached skill level 10 in Dodging
 14265 | D:11     | Found a stormy altar of Qazlal.
 14565 | D:11     | Acquired 1183 gold pieces
 15090 | D:12     | Found a frozen archway.
 15095 | D:12     | Reached skill level 13 in Slings
 15106 | IceCv    | Entered an ice cave
 16107 | IceCv    | Received a gift from Okawaru
 16312 | IceCv    | Reached skill level 10 in Armour
 16575 | IceCv    | Noticed a frost giant
 16631 | IceCv    | Received a gift from Okawaru
 16632 | IceCv    | Got an encrusted hunting sling {god gift}
 16642 | IceCv    | Killed a frost giant
 16643 | IceCv    | Reached XP level 13. HP: 67/90 MP: 10/13
 16658 | IceCv    | Identified the +1 hunting sling "Giant's Doom" {venom,
                  | Str+3} (Okawaru gifted it to you in an ice cave)
 17579 | D:12     | Noticed a boulder beetle
 17602 | D:12     | Killed a boulder beetle
 18192 | D:12     | Found a staircase to the Orcish Mines.
 18223 | D:12     | Reached skill level 14 in Slings
 18851 | D:12     | Reached skill level 10 in Long Blades
 19162 | D:13     | Reached ****** piety under Okawaru
 19180 | D:13     | Received a gift from Okawaru
 19184 | D:13     | Got a pair of heavily runed boots {god gift}
 19274 | D:13     | Identified the +0 pair of boots of Fun {Rampage +Inv SInv}
                  | (Okawaru gifted it to you on level 13 of the Dungeon)
 19955 | D:13     | You fall into a shaft and drop 2 floors!
 19955 | D:15     | Entered Level 15 of the Dungeon
 20485 | D:14     | Noticed a boulder beetle
 20506 | D:14     | Mangled by a boulder beetle

Illustrated notes

Levels and vault maps discovered:
D:1:      lightli_arrival_maybe_door_vault, layout_basic, dk_noncrumbling_3,
          chequers_serial_rivers_micro_c
D:2:      layout_basic, uniq_jessica
D:3:      layout_basic, okawaru_gym_becter, minmay_circle_x, uniq_terence
D:4:      layout_basic, nicolae_ossuary_entry_ruins, serial_shops,
          nicolae_shop_overgrown_old_shop
D:5:      layout_loops_cross, minmay_temple_entry_statues_pillars,
          hangedman_feature_mirror, water_boxes_lemuel
D:6:      layout_loops_cross, uniq_maggie
D:7:      layout_loops_ring
D:8:      layout_loops_ring, serial_shops, shop, hangedman_pestilent_swarm,
          uniq_prince_ribbit1, uniq_joseph
D:9:      layout_loops_ring, minmay_fractal_squares_gapless_7
D:10:     layout_long_grid, lair_entry_dummy, enter_trove_0
D:11:     layout_cave_pods, serial_column_ruins, column_ruins_hut,
          column_ruins_temple_hut, column_ruins_corridor_straight,
          column_ruins_grid_2, column_ruins_grid_1,
          column_ruins_corridor_straight, column_ruins_open_large
D:12:     layout_basic, orc_0_dummy, portal_ice_cave_entry_pillars_1
D:13:     layout_layer_cave
D:14:     layout_loops_ring, grunt_vaults_entry_fortified, basic_altar,
          serial_bayou_pond_a
D:15:     grunt_enter_depths_magical_seal, layout_basic, grunt_decor_junction,
          biasface_ghost_orc_armoury, minmay_fractal_squares_diagonal_5

Skill      XL: |  1  2  3  4  5  6  7  8  9 10 11 12 13 |
---------------+----------------------------------------+-----
Slings         | 6 7 8 9 10 12 13 14 | 14.0
Fighting       | 2 3 4 5 7 8 9 |  9.5
Armour         | 1 2 3 4 6 8 9 10 | 10.9
Dodging        | 3 4 5 7 8 9 10 11 | 11.4
Long Blades    | 4 7 9 10 | 10.6
Stealth        | |  1.1

Action                   |  1- 3 |  4- 6 |  7- 9 | 10-12 | 13-15 || total
-------------------------+-------+-------+-------+-------+-------++-------
Melee: Hunting sling     |       |       |     2 |       |       ||     2
       Scimitar          |       |       |       |   340 |   284 ||   624
       Punch             |       |       |       |     3 |       ||     3
 Fire: Hunting sling     |    93 |   295 |   455 |   428 |    47 ||  1318
       Fustibalus        |       |       |       |   432 |   108 ||   540
Throw: Dart              |       |       |     6 |    22 |       ||    28
Invok: Heroism           |       |       |       |     6 |       ||     6
       Finesse           |       |       |       |     1 |       ||     1
 Abil: Evoke Flight      |       |       |       |       |     4 ||     4
  Use: Scroll            |       |    13 |     6 |    12 |     1 ||    32
       Potion            |       |       |       |    12 |     3 ||    15
 Stab: Sleeping          |       |       |       |     1 |       ||     1
Armor: Leather armour    |     6 |     7 |       |       |       ||    13
       Scale mail        |       |    30 |    34 |       |       ||    64
       Steam dragon scal |       |       |    15 |   209 |       ||   224
       Skin              |       |       |       |    27 |       ||    27
       Chain mail        |       |       |       |    98 |   169 ||   267
Dodge: Dodged            |    19 |    76 |   103 |  1031 |   290 ||  1519
       Rpst.: Scimitar   |       |       |       |   107 |    64 ||   171

Table legend: (Time is in decaauts)
 A = Elapsed time spent in this place.
 B = Non-inter-level travel time spent in this place.
 C = Inter-level travel time spent in this place.
 D = Time resting spent in this place.
 E = Time spent auto-exploring this place.
 F = Levels seen in this place.
 G = Mean time per level.
                   A        B        C        D        E       F      G
               +--------+--------+--------+--------+--------+-----+--------+
         Total |  19711 |  19160 |    551 |   3797 |  10999 |  17 | 1159.5 |
       Dungeon |  17298 |  16747 |    551 |   2829 |  10510 |  15 | 1153.2 |
       Ossuary |    527 |    527 |      0 |    117 |      0 |   1 |  527.0 |
      Ice Cave |   1886 |   1886 |      0 |    851 |    489 |   1 | 1886.0 |
               +--------+--------+--------+--------+--------+-----+--------+

Top non-repeatable levels by time:
    D:11: 2206 daAuts
     D:8: 2140 daAuts
    D:12: 1958 daAuts
     D:9: 1901 daAuts
   IceCv: 1886 daAuts
    D:10: 1782 daAuts
     D:4: 1201 daAuts
     D:5: 1199 daAuts
     D:6: 881 daAuts
    D:13: 809 daAuts
     D:3: 781 daAuts
     D:7: 707 daAuts
     D:2: 663 daAuts
     D:1: 535 daAuts
 Ossuary: 527 daAuts
